 Dungeon Crawl Stone Soup version 0.27-a0-684-g359e429f13 (webtiles) character file.

Game seed: 14760898851684184552

166 djmy96 the Shield-Bearer (level 5, 0/42 HPs)
             Began as a Formicid Fighter on Mar 20, 2021.
             Slain by an adder (3 damage)
             ... on level 4 of the Dungeon.
             The game lasted 00:04:06 (3119 turns).

djmy96 the Shield-Bearer (Formicid Fighter)         Turns: 3119, Time: 00:04:07

Health: 0/42       AC:  7    Str: 22    XL:     5   Next: 76%
Magic:  5/5        EV:  8    Int:  7    God:
Gold:   130        SH: 10    Dex: 10    Spells: 4/4 levels left

rFire    + . .     SeeInvis +   a - +0 long sword
rCold    . . .     Faith    .   c - +0 kite shield
rNeg     . . .     Spirit   .   j - +0 scale mail {rF+}
rPois    .         Reflect  .   (helmet unavailable)
rElec    .         Harm     .   (no cloak)
rCorr    .         Rampage  .   (no gloves)
Will     .....                  (no boots)
Stlth    ..........             (no amulet)
HPRegen  0.14/turn              (no ring)
MPRegen  0.09/turn              (no ring)

@: mighty, lethally poisoned (0 -> -3)
A: permanent stasis, dig shafts and tunnels, antennae 3, four strong arms
a: Dig, Shaft Self


You were on level 4 of the Dungeon.
You visited 1 branch of the dungeon, and saw 4 of its levels.

You collected 130 gold pieces.

Inventory:

Hand Weapons
 a - a +0 long sword (weapon)
Missiles
 m - 24 poisoned darts
Armour
 c - a +0 kite shield (worn)
 j - a +0 scale mail of fire resistance (worn)
Wands
 i - a wand of iceblast (9)
Scrolls
 b - 2 scrolls of blinking {unknown}
 e - a scroll of identify {unknown}
 k - a scroll of teleportation {unknown}
 l - a scroll of noise {unknown}
Potions
 f - a potion of flight {unknown}
 g - a potion of curing {unknown}
 h - 2 potions of brilliance {unknown}


   Skills:
 + Level 4.0 Fighting
 + Level 3.3 Long Blades
 + Level 4.3 Armour
 + Level 0.8 Dodging
 + Level 4.7 Shields


You had 4 spell levels left.
You didn't know any spells.
Your spell library was empty.

Dungeon Overview and Level Annotations

Branches:
Dungeon (4/15)
 Temple: D:4-7

Altars:
Fedhas
Nemelex Xobeh
Uskayaw
Zin


Innate Abilities, Weirdness & Mutations

You cannot be hasted, slowed, berserked, paralysed or teleported.
You can dig through walls and to a lower floor.
You have a pair of large antennae on your head. (SInv)
Your four strong arms can wield two-handed weapons with a shield.


Message History

The ooze quivers.
You hit the worker ant but do no damage.
The worker ant is almost dead.
You block the worker ant's attack.
You barely miss the worker ant.
The worker ant is almost dead.
You block the worker ant's attack. The worker ant bites you.
* * * LOW HITPOINT WARNING * * *
You closely miss the worker ant.
The worker ant is almost dead.
The adder closely misses you. You block the worker ant's attack.
The adder bites you but does no damage. The worker ant bites you.
* * * LOW HITPOINT WARNING * * *
You are poisoned.
The worker ant poisons you!
You feel very mighty all of a sudden.
* * * LOW HITPOINT WARNING * * *
You feel sick. The adder barely misses you. You block the worker ant's attack.
The adder closely misses you.
Unknown command.
You slash the worker ant!
You kill the worker ant!
* * * LOW HITPOINT WARNING * * *
You feel sick. You block the adder's attack. The leopard gecko bites you.
* * * LOW HITPOINT WARNING * * *
Your Fighting skill increases to level 4!
You barely miss the adder.
* * * LOW HITPOINT WARNING * * *
You feel sick. You block the adder's attack.
You block the leopard gecko's attack. You block the adder's attack.
The leopard gecko bites you but does no damage.
You closely miss the adder.
* * * LOW HITPOINT WARNING * * *
You feel sick. The adder bites you but does no damage.
You block the leopard gecko's attack. The adder bites you but does no damage.
The leopard gecko bites you but does no damage.
You hit the adder.
The adder is heavily wounded.
The adder bites you.
You die...

#.. .[. #.#
#.# #.# #J#
#S# #@# #l#
##Z## #.<.#
#...#
.......
#.........
#.......###
{ ......###


You could see an ooze, an adder, a leopard gecko and an adder skeleton.

Vanquished Creatures
  An iguana (D:4)
  Ijyb (D:3)
  A worker ant (D:4)
  2 adders (D:3)
  An ooze (D:3)
  3 dart slugs (D:3)
  A worm (D:3)
  2 leopard geckos
  2 ball pythons
  5 giant cockroaches
  8 goblins
  5 hobgoblins
  10 kobolds
  7 bats
  A frilled lizard (D:2)
  5 rats
55 creatures vanquished.

Vanquished Creatures (others)
  A hobgoblin (D:3)
1 creature vanquished.

Grand Total: 56 creatures vanquished

Notes
Turn   | Place    | Note
-------+----------+-------------------------------------------
     0 | D:1      | djmy96 the Formicid Fighter began the quest for the Orb.
     0 | D:1      | Reached XP level 1. HP: 18/18 MP: 1/1
   250 | D:1      | Reached XP level 2. HP: 20/24 MP: 2/2
   497 | D:1      | You fall into a shaft and drop 1 floor!
  1231 | D:2      | Reached XP level 3. HP: 30/30 MP: 3/3
  1961 | D:3      | Found a blossoming altar of Fedhas.
  2185 | D:3      | Found a hide-covered altar of Uskayaw.
  2200 | D:3      | Reached XP level 4. HP: 37/37 MP: 4/4
  2290 | D:3      | Noticed Ijyb
  2309 | D:3      | Killed Ijyb
  2310 | D:3      | Reached XP level 5. HP: 14/42 MP: 5/5
  2562 | D:3      | Found a sparkling altar of Nemelex Xobeh.
  2673 | D:3      | Found a glowing silver altar of Zin.
  2673 | D:3      | Noticed an angel
  2990 | D:4      | Noticed a black bear
  3119 | D:4      | Slain by an adder

Illustrated notes

Levels and vault maps discovered:
D:1:      lightli_arrival_maybe_door_vault, layout_loops_ring
D:2:      layout_basic
D:3:      layout_rooms, lemuel_round_altar, zin_angel,
          nicolae_uskayaw_murder_on_the_dancefloor, fedhas_altar_3, uniq_ijyb
D:4:      layout_loops_ring, regret_index_temple_of_mockery, lemuel_statue_altar

Skill      XL: |  1  2  3  4  5 |
---------------+----------------+-----
Shields        | 4 |  4.7
Armour         | 4 |  4.3
Long Blades    | 3 |  3.3
Fighting       | 4 |  4.0
Dodging        | |  0.8

Action                   |  1- 3 |  4- 6 || total
-------------------------+-------+-------++-------
Melee: Long sword        |   113 |    91 ||   204
  Use: Potion            |       |     1 ||     1
Armor: Scale mail        |    48 |    46 ||    94
Dodge: Dodged            |    46 |    28 ||    74
Block: Kite shield       |    84 |    66 ||   150
       Rpst.: Long sword |    16 |     8 ||    24

Table legend: (Time is in decaauts)
 A = Elapsed time spent in this place.
 B = Non-inter-level travel time spent in this place.
 C = Inter-level travel time spent in this place.
 D = Time resting spent in this place.
 E = Time spent auto-exploring this place.
 F = Levels seen in this place.
 G = Mean time per level.
                   A        B        C        D        E       F      G
               +--------+--------+--------+--------+--------+-----+--------+
         Total |   3212 |   3035 |    177 |      0 |   2489 |   4 |  803.0 |
       Dungeon |   3212 |   3035 |    177 |      0 |   2489 |   4 |  803.0 |
               +--------+--------+--------+--------+--------+-----+--------+

Top non-repeatable levels by time:
     D:2: 1222 daAuts
     D:3: 984 daAuts
     D:1: 971 daAuts
     D:4: 34 daAuts
